 Dungeon Crawl Stone Soup version 0.19.4-9-g45fd643 (webtiles) character file.

984 JeffiDaFish the Stinger (level 8, -1/45 HPs)
             Began as a Gargoyle Venom Mage on Feb 15, 2017.
             Was an Initiate of Vehumet.
             Splashed by a jelly's acid (5 damage)
             ... on level 6 of the Dungeon.
             The game lasted 00:16:54 (5219 turns).

JeffiDaFish the Stinger (Gargoyle Venom Mage)       Turns: 5219, Time: 00:17:01

Health: -1/45      AC: -4    Str: 17    XL:     8   Next: 17%
Magic:  13/13      EV: 12    Int: 17    God:    Vehumet [......]
Gold:   257        SH:  0    Dex: 12    Spells: 4 memorised, 3 levels left

rFire  . . .     SeeInvis +     f - +0 whip
rCold  . . .     Gourm    .     d - +1 leather armour "Bimink" {Regen+ Str+6}
rNeg   + . .     Faith    .     (no shield)
rPois  ∞         Spirit   .     (no helmet)
rElec  +         Reflect  .     i - +0 cloak
rCorr  .         Harm     .     n - +0 pair of gloves
MR     .....                    (no boots)
Stlth  ++........               (no amulet)
                                (no ring)
                                g - ring of see invisible

@: corroded
A: negative energy resistance 1, electricity resistance, unbreathing,
petrification resistance, rot immunity, AC +5
a: Renounce Religion


You were on level 6 of the Dungeon.
You worshipped Vehumet.
Vehumet was noncommittal.
You were not hungry.

You visited 1 branch of the dungeon, and saw 6 of its levels.
You also visited: Ossuary.

You collected 320 gold pieces.
You spent 63 gold pieces at shops.

Inventory:

Hand Weapons
 f - a +0 whip (weapon)
Armour
 d - the +1 leather armour "Bimink" (worn) {Regen+ Str+6}
   (You took it off a hobgoblin on level 4 of the Dungeon)

   It affects your strength (+6).
   It increases your rate of regeneration.
 i - a +0 cloak (worn)
 n - a +0 pair of gloves (worn)
Jewellery
 g - a ring of see invisible (left hand)
Scrolls
 k - 3 scrolls of remove curse
 l - 4 scrolls of identify
 q - a scroll of fog
Potions
 a - 4 potions of flight
 e - a potion of curing
 o - a potion of brilliance
Books
 b - a Young Poisoner's Handbook

   Spells                             Type                      Level
   a - Sting                          Conjuration/Poison           1
   b - Mephitic Cloud                 Conjuration/Poison/Air       3
   c - Olgreb's Toxic Radiance        Poison                       4
   d - Alistair's Intoxication        Transmutation/Poison         5
   e - Venom Bolt                     Conjuration/Poison           5
 p - a book of Geomancy

   Spells                             Type                      Level
   a - Sandblast                      Earth                        1
   b - Passwall                       Transmutation/Earth          2
   c - Stone Arrow                    Conjuration/Earth            3
   d - Petrify                        Transmutation/Earth          4
   e - Lee's Rapid Deconstruction     Earth                        5
Comestibles
 c - 4 bread rations
 h - a meat ration
 j - 2 chunks of flesh


   Skills:
 + Level 2.5 Fighting
 + Level 2.6 Maces & Flails
 - Level 0.7 Armour
 + Level 2.9 Dodging
 + Level 3.6 Stealth
 * Level 3.8 Spellcasting
 * Level 4.0 Conjurations
 + Level 1.6 Air Magic
 + Level 0.2 Earth Magic
 + Level 5.7 Poison Magic


You had 3 spell levels left.
You knew the following spells:

 Your Spells              Type           Power        Failure   Level  Hunger
a - Sting                 Conj/Pois      ###.         2%          1    None
b - Mephitic Cloud        Conj/Pois/Air  ###.....     14%         3    ###....
c - Stone Arrow           Conj/Erth      ##....       24%         3    ###....
d - Olgreb's Toxic Radia  Pois           ###.....     21%         4    ####...


Dungeon Overview and Level Annotations

Branches:
Dungeon (6/15)             Temple (0/1) D:4

Altars:
Elyvilon
Kikubaaqudgha
Qazlal
Vehumet
Xom
Zin
The Shining One

Shops:
D:5 *


Innate Abilities, Weirdness & Mutations

You are resistant to torment.
Your stone body is resilient. (AC +5)
You are immune to poison.
You resist negative energy. (rN+)
You are resistant to electric shocks. (rElec)
You can survive without breathing.
You are immune to petrification.
You are immune to rotting.


Message History

You barely miss the jelly.
The jelly is severely wounded.
The jelly barely misses you.
You hit the jelly but do no damage.
Your hands burn!
The jelly is severely wounded.
The jelly hits you but does no damage.
You hit the jelly. The acid corrodes you!
Your hands burn!
The jelly is severely wounded.
The jelly hits you.
* * * LOW HITPOINT WARNING * * *
The acid corrodes you!
You are splashed with acid!
The acid burns!
* * * LOW HITPOINT WARNING * * *
You are too injured to fight recklessly!
You hit the jelly but do no damage. The acid corrodes you!
Your hands burn!
* * * LOW HITPOINT WARNING * * *
The jelly is severely wounded.
The jelly hits you.
* * * LOW HITPOINT WARNING * * *
You are splashed with acid!
The acid burns!
You die...

#.#################
#.........#
#########.# #.# #.#
#.# ** #.# ,*******
#.# ,,,,,,,* #@#
,*,,,,,*** #J#
,,,,,,,,,* #.#
,,>,,,,*,* #.#
,*,,,,,*,******#.#
,,,,,***,,,,,,,..#
,,,*,,*********###
,**,**,*,,,,*
,*,⌠,*,*,**,*


You could see a jelly.

Vanquished Creatures
  The ghost of aty692 the Cleaver, a novice HOMo (D:5)
  A phantom (D:4)
  A hound (D:4)
  A bullfrog skeleton (D:5)
  An orc priest (D:4)
  An iguana (D:4)
  3 worker ants
  A killer bee zombie (D:5)
  A hound zombie (D:5)
  A hound skeleton (D:4)
  A mummy (D:4)
  2 howler monkey skeletons
  5 adders
  An ooze (D:5)
  3 adder zombies
  2 adder skeletons (D:4)
  2 worms
  3 dart slugs (D:2)
  3 leopard geckos
  9 orcs
  8 bats
  3 giant cockroaches (D:1)
  6 goblins
  9 hobgoblins
  5 jackals
  5 kobolds
  3 quokkas
  7 frilled lizards
  6 hobgoblin zombies (Ossuary)
  8 kobold zombies (Ossuary)
  6 orc zombies (Ossuary)
  10 rats
119 creatures vanquished.

Notes
Turn   | Place    | Note
-------+----------+-------------------------------------------
     0 | D:1      | JeffiDaFish the Gargoyle Venom Mage began the quest for the Orb.
     0 | D:1      | Reached XP level 1. HP: 10/10 MP: 3/3
   405 | D:1      | Reached XP level 2. HP: 15/15 MP: 1/5
   809 | D:1      | Reached XP level 3. HP: 19/19 MP: 6/6
  1068 | D:2      | Found a glowing golden altar of the Shining One.
  1274 | D:2      | Reached XP level 4. HP: 20/24 MP: 5/7
  1285 | D:2      | Learned a level 3 spell: Mephitic Cloud
  1683 | D:2      | Reached skill level 1 in Maces & Flails
  2222 | D:3      | Found a stormy altar of Qazlal.
  2407 | D:3      | Reached skill level 1 in Conjurations
  2407 | D:3      | Reached XP level 5. HP: 27/28 MP: 1/9
  2665 | D:4      | Found a sand-covered staircase.
  3061 | D:4      | Reached skill level 1 in Fighting
  3080 | Ossuary  | Entered an ossuary
  3546 | D:4      | Got a dazzling leather armour
  3557 | D:4      | Identified the +1 leather armour "Bimink" {Regen+ Str+6} (You took it off a hobgoblin on level 4 of the Dungeon)
  3683 | D:4      | Noticed a phantom
  3749 | D:4      | Reached XP level 6. HP: 31/34 MP: 10/10
  3890 | D:4      | Killed a phantom
  3890 | D:4      | Reached skill level 5 in Poison Magic
  4132 | D:4      | Noticed a phantom
  4178 | D:4      | Found a glowing silver altar of Zin.
  4179 | D:4      | Noticed an angel
  4185 | D:4      | Found a shimmering altar of Xom.
  4297 | D:4      | Reached skill level 1 in Air Magic
  4349 | D:4      | Found a staircase to the Ecumenical Temple.
  4583 | D:5      | Entered Level 5 of the Dungeon
  4601 | D:5      | Noticed aty692's ghost (novice HOMo)
  4616 | D:5      | Reached XP level 7. HP: 33/39 MP: 11/11
  4656 | D:5      | Killed aty692's ghost
  4656 | D:5      | Reached XP level 8. HP: 26/45 MP: 11/13
  4678 | D:5      | Found a white marble altar of Elyvilon.
  4682 | D:5      | Found an ancient bone altar of Kikubaaqudgha.
  4689 | D:5      | Found a radiant altar of Vehumet.
  4715 | D:5      | Became a worshipper of Vehumet
  4821 | D:5      | Found Cyununk's General Store.
  4829 | D:5      | Bought a +0 cloak for 63 gold pieces
  4842 | D:5      | Learned a level 3 spell: Stone Arrow
  4847 | D:5      | Learned a level 4 spell: Olgreb's Toxic Radiance
  5219 | D:6      | Splashed by a jelly's acid

Skill      XL: |  1  2  3  4  5  6  7  8 |
---------------+-------------------------+-----
Dodging        | 2 |  2.9
Maces & Flails | 1 2 |  2.6
Conjurations   | 1 2 3 4 |  4.0
Fighting       | 1 2 |  2.5
Spellcasting   | 3 |  3.8
Poison Magic   | 5 |  5.7
Air Magic      | 1 |  1.6
Stealth        | 3 |  3.6
Armour         | |  0.7
Earth Magic    | |  0.2

Action                   |  1- 3 |  4- 6 |  7- 9 || total
-------------------------+-------+-------+-------++-------
Melee: Unarmed           |    20 |       |       ||    20
       Whip              |    86 |   414 |   166 ||   666
 Cast: Sting             |    42 |    53 |       ||    95
       Mephitic Cloud    |       |     5 |     2 ||     7
  Use: Scroll            |     5 |     3 |     1 ||     9
       Potion            |     3 |    11 |     1 ||    15
 Stab: Confused          |       |     3 |     2 ||     5
       Sleeping          |       |     1 |       ||     1
  Eat: Chunk             |     2 |     9 |     1 ||    12
       Pizza             |       |     1 |       ||     1
       Meat ration       |       |     1 |       ||     1
       Beef jerky        |       |       |     1 ||     1
Armor: Robe              |     5 |       |       ||     5
       Leather armour    |    60 |   192 |    80 ||   332
Dodge: Dodged            |   116 |   253 |    91 ||   460
